 Dungeon Crawl Stone Soup version 0.30-a0-292-g0f741e3f8e (webtiles) character file.

Game seed: 10744834303758029929

8 Flugkiller the Cutter (level 2, 22/22 HPs)
             Began as a Demonspawn Gladiator on Oct 17, 2022.
             Quit the game on level 1 of the Dungeon.
             The game lasted 00:00:16 (563 turns).

Flugkiller the Cutter (Demonspawn Gladiator)         Turns: 563, Time: 00:00:16

Health: 22/22      AC:  5    Str: 14    XL:     2   Next: 0%
Magic:  2/2        EV: 12    Int:  9    God:
Gold:   13         SH:  0    Dex: 14    Spells: 1/1 levels left

rFire   . . .      SeeInvis .    a - +0 rapier
rCold   . . .      Faith    .    (no shield)
rNeg    . . .      Spirit   .    b - +0 leather armour
rPois   .          Reflect  .    c - +0 helmet
rElec   .          Harm     .    (no cloak)
rCorr   .          Rampage  .    (no gloves)
Will    .....                    k - +0 pair of boots
Stlth   +.........               (no amulet)
HPRegen 0.23/turn                (no ring)
MPRegen 0.08/turn                (no ring)

@: no status effects
A: claws 1
a: no special abilities


You were on level 1 of the Dungeon.
You visited 1 branch of the dungeon, and saw 1 of its levels.

You collected 13 gold pieces.

Inventory:

Hand Weapons
 a - a +0 rapier (weapon)
Missiles
 d - 3 throwing nets (quivered)
 e - 7 javelins
Armour
 b - a +0 leather armour (worn)
 c - a +0 helmet (worn)
 k - a +0 pair of boots (worn)
   (You found it on level 1 of the Dungeon)
Scrolls
 g - a scroll of fear {unknown}
Potions
 f - a potion of haste {unknown}
 h - a potion of flight {unknown}
 i - 2 potions of lignification {unknown}
 j - a potion of invisibility {unknown}
 l - 2 potions of heal wounds {unknown}


   Skills:
 - Level 2.0 Fighting
 + Level 3.2 Short Blades
 - Level 1.7 Throwing
 - Level 2.6 Dodging


You had one spell level left.
You didn't know any spells.
Your spell library was empty.

Dungeon Overview and Level Annotations

Branches:
Dungeon (1/15) Zot: 5434

Altars:


Innate Abilities, Weirdness & Mutations

You have sharp fingernails.


Message History

No target in view!
You see here a giant cockroach corpse.
You see here a +0 scale mail.
h - a viscous blue potion You see here a giant cockroach corpse.
A rat comes into view.
A rat is nearby!
The rat misses you.
You closely miss the rat. The rat closely misses you.
You closely miss the rat. The rat closely misses you.
You closely miss the rat. The rat bites you.
You barely miss the rat. The rat bites you but does no damage.
You closely miss the rat. The rat bites you but does no damage.
You barely miss the rat. The rat bites you.
A rat is nearby!
A rat is nearby!
A rat is nearby!
You barely miss the rat. The rat closely misses you.
You barely miss the rat. The rat bites you but does no damage.
You completely miss the rat.
The rat bites you but does no damage. x2
You barely miss the rat. The rat barely misses you.
You hit the rat.
You kill the rat!
No target in view!
No target in view!
No target in view!
No target in view!
You see here a rat corpse.
i - 2 clear potions
Found a pair of boots.
An endoplasm comes into view.
The endoplasm quivers.
The endoplasm freezes you.
You are frozen.
You hit the endoplasm.
The endoplasm is heavily wounded.
The endoplasm freezes you.
You are frozen.
You hit the endoplasm but do no damage.
The endoplasm is heavily wounded.
The endoplasm closely misses you.
You completely miss the endoplasm.
The endoplasm is heavily wounded.
The endoplasm closely misses you.
You hit the endoplasm but do no damage.
The endoplasm is heavily wounded.
The endoplasm freezes you.
You are frozen.
You hit the endoplasm.
You kill the endoplasm!
No target in view!
A ball python comes into view.
You see here a fizzy inky potion.
No reachable target in view!
No reachable target in view!
No reachable target in view!
You see here a fizzy inky potion.
j - a fizzy inky potion The ball python hisses angrily.
You see here a +0 pair of boots.
k - a +0 pair of boots You start putting on your armour.
You continue putting on your +0 pair of boots. x4
You finish putting on your +0 pair of boots.
A ball python is nearby!
A ball python is nearby!
You closely miss the ball python.
The ball python completely misses you. x2
You closely miss the ball python. The ball python bites you.
The ball python misses you. The ball python barely misses you. x2
You hit the ball python but do no damage.
The ball python bites you but does no damage.
The ball python closely misses you.
You barely miss the ball python.
You punch the ball python, but do no damage.
The ball python closely misses you. The ball python barely misses you.
You hit the ball python.
The ball python is moderately wounded.
The ball python bites you but does no damage.
The ball python grabs you. The ball python constricts you.
The ball python barely misses you. The ball python constricts you.
You puncture the ball python!
You kill the ball python!
No target in view!
l - a bubbling silvery potion
l - 2 bubbling silvery potions (gained 1)
A ball python comes into view.
You barely miss the ball python.
The ball python bites you but does no damage.
The ball python barely misses you.
You closely miss the ball python. The ball python closely misses you. x2
The ball python bites you but does no damage.
The ball python misses you.
You barely miss the ball python. The ball python closely misses you.
The ball python misses you.
You hit the ball python.
You kill the ball python!
You have reached level 2!
Your demonic ancestry asserts itself...
Your fingernails lengthen.
Are you sure you want to abandon this character and quit the game? (Confirm with "yes".)

#≈≈~~...~≈≈≈#.....#
#≈≈~~≈≈~≈≈≈≈#.##..#
################..#
#.#.##..#.###...
#.#.##.#.#.....#
#.#.##.##.###..#
#.........###..#
########............#
#..†@...............#
.....#########.#######..
### #.........#
########.## #.# #.# #.##
#..# ##..


There were no monsters in sight!

Vanquished Creatures
  2 endoplasms (D:1)
  A giant cockroach (D:1)
  A quokka (D:1)
  2 ball pythons (D:1)
  A frilled lizard (D:1)
  A rat (D:1)
8 creatures vanquished.

Notes
Turn   | Place    | Note
-------+----------+-------------------------------------------
     0 | D:1      | Flugkiller the Demonspawn Gladiator began the quest for the
                  | Orb.
     0 | D:1      | Reached XP level 1. HP: 16/16 MP: 1/1
   355 | D:1      | Reached skill level 3 in Short Blades
   563 | D:1      | Gained mutation: You have sharp fingernails. [demonic
                  | ancestry]
   563 | D:1      | Reached XP level 2. HP: 22/22 MP: 2/2
   563 | D:1      | Quit the game

Illustrated notes

Levels and vault maps discovered:
D:1:      dpeg_arrival_more_subterranean_lakeside_camping, layout_loops_ring,
          serial_co_window_serial, co_window_corner_a,
          co_window_of_opportunity_a, co_window_paths_a,
          co_window_of_opportunity_a, co_window_of_opportunity_a,
          co_window_broadway_a, co_window_2corner, co_window_paths_c,
          co_window_4corner_a, glass_columns_c

Skill      XL: |  1 |
---------------+----+-----
Short Blades   | 3 |  3.2
Fighting       | |  2.0
Throwing       | |  1.7
Dodging        | |  2.6

Action                   || total
-------------------------++-------
Melee: Rapier            ||    39
       Punch             ||     1
Armor: Leather armour    ||    14
Dodge: Dodged            ||    26

Table legend: (Time is in decaauts)
 A = Elapsed time spent in this place.
 B = Non-inter-level travel time spent in this place.
 C = Inter-level travel time spent in this place.
 D = Time resting spent in this place.
 E = Time spent auto-exploring this place.
 F = Levels seen in this place.
 G = Mean time per level.
                   A        B        C        D        E       F      G
               +--------+--------+--------+--------+--------+-----+--------+
         Total |    565 |    565 |      0 |      0 |    469 |   1 |  565.0 |
       Dungeon |    565 |    565 |      0 |      0 |    469 |   1 |  565.0 |
               +--------+--------+--------+--------+--------+-----+--------+

Top non-repeatable levels by time:
     D:1: 565 daAuts
